 Dungeon Crawl Stone Soup version 0.30.0-19-g36f170ea60 (webtiles) character file.

Game seed: 7516595109229703681

1204 Josd the Covert (level 8, -2/67 HPs)
             Began as a Gnoll Delver on June 1, 2023.
             Was a Believer of Dithmenos.
             Slain by a hornet (14 damage)
             ... on level 7 of the Dungeon.
             The game lasted 00:20:58 (6301 turns).

Josd the Covert (Gnoll Delver)                      Turns: 6301, Time: 00:21:01

Health: -2/67      AC:  8    Str: 14    XL:     8   Next: 45%
Magic:  4/13       EV: 14    Int: 10    God:    Dithmenos [**....]
Gold:   306        SH:  0    Dex: 13    Spells: 13/13 levels left

rFire   + . .        a - +1 spear (flame)
rCold   x . .        (no shield)
rNeg    . . .        u - +0 robe {Will+}
rPois   .            z - +0 helmet
rElec   .            (no cloak)
rCorr   .            l - +0 pair of gloves {infuse}
SInv    .            (no boots)
Will    +....        y - amulet of faith
Stlth   ++++++       s - ring of fire
HPRegen 0.31/turn    C - +4 ring of protection
MPRegen 0.13/turn

%: faith, infuse magic (1 MP)
@: lethally poisoned (-2 -> -13), flying, hasted and slowed, wreathed by umbra
A: fangs 1, strong nose, distributed training
a: Renounce Religion, Shadow Step


You were on level 7 of the Dungeon.
You worshipped Dithmenos.
Dithmenos was pleased with you.
You visited 2 branches of the dungeon, and saw 8 of its levels.

You collected 306 gold pieces.

Inventory:

Hand Weapons
 a - a +1 spear of flaming (weapon)
 m - a +2 antimagic dagger
 n - a +0 dagger
 B - a +0 giant club
Armour
 l - a +0 pair of gloves of infusion (worn)
 u - a +0 robe of willpower (worn)
 z - a +0 helmet (worn)
Jewellery
 s - a ring of fire (left hand)
 y - an amulet of faith (around neck)
 C - a +4 ring of protection (right hand)
Wands
 g - a wand of digging (3)
 k - a wand of quicksilver (5)
 v - a wand of flame (15)
Scrolls
 b - 2 scrolls of immolation {unknown}
 c - 3 scrolls of fog
 d - 4 scrolls of magic mapping
 e - a scroll of fear
 j - 6 scrolls of blinking {unknown}
 p - 6 scrolls of identify
 r - a scroll of silence
 t - 3 scrolls of teleportation
 D - a scroll of enchant weapon
Potions
 f - 4 potions of haste
 h - a potion of lignification {unknown}
 i - 2 potions of curing {unknown}
 o - a potion of attraction
 q - 2 potions of flight
 w - 3 potions of magic
 x - 2 potions of degeneration {unknown}


   Skills:
 + Level 7.4 Fighting
 + Level 3.4 Short Blades
 + Level 3.4 Long Blades
 + Level 3.4 Axes
 + Level 3.4 Maces & Flails
 + Level 5.8 Polearms
 + Level 3.4 Staves
 + Level 3.4 Ranged Weapons
 + Level 3.4 Throwing
 + Level 3.4 Armour
 + Level 5.8 Dodging
 + Level 10.2 Stealth
 + Level 3.4 Shields
 + Level 3.4 Unarmed Combat
 + Level 3.4 Spellcasting
 + Level 2.8 Conjurations
 + Level 2.8 Hexes
 + Level 2.8 Summonings
 + Level 2.8 Necromancy
 + Level 2.8 Translocations
 + Level 2.8 Transmutations
 + Level 2.8 Fire Magic
 + Level 2.8 Ice Magic
 + Level 2.8 Air Magic
 + Level 2.8 Earth Magic
 + Level 2.8 Poison Magic
 + Level 3.7 Invocations
 + Level 3.4 Evocations


You had 13 spell levels left.
You didn't know any spells.
Your spell library contained the following spells:

 Spells                   Type           Power      Damage    Failure   Level
 Apportation              Tloc           14%        N/A       9%          1
 Necrotise                Necr           28%        1d5       9%          1
 Summon Small Mammal      Summ           28%        N/A       9%          1
 Ensorcelled Hibernation  Hex/Ice        14%        N/A       13%         2
 Passwall                 Tmut/Erth      5%         N/A       13%         2
 Swiftness                Air            7%         N/A       26%         3
 Tukima's Dance           Hex            7%         N/A       26%         3
 Passage of Golubria      Tloc           7%         N/A       65%         4
 Yara's Violent Unravell  Hex/Tmut       3%         3d4       94%         5


Dungeon Overview and Level Annotations

Branches:
Dungeon (7/15)             Temple (1/1) D:4

Altars:
Ashenzari
Dithmenos
Elyvilon
Kikubaaqudgha
Nemelex Xobeh
Okawaru
Trog
Uskayaw
Wu Jian
Xom
Yredelemnul
Zin

Shops:
D:2 =


Innate Abilities, Weirdness & Mutations

You have very sharp teeth.
Your uncanny sense of smell can sniff out nearby items.
Your experience applies equally to all skills.


Message History

The hornet stings you but does no damage.
The hornet stings you!
You are more poisoned.
You feel yourself slow down.
You can move again.
You are too injured to fight recklessly!
You are too injured to fight recklessly!
You feel much better.
You feel very sick. The hornet barely misses you.
The hornet stings you but does no damage.
You feel yourself speed up.
You feel very sick. The hornet barely misses you. The hornet misses you.
You hit the hornet but do no damage.
The hornet is severely wounded.
You feel yourself speed up.
You feel sick. The hornet completely misses you.
You miss the hornet.
The hornet is severely wounded.
The hornet stings you but does no damage.
You miss the hornet. You punch the hornet.
The hornet is severely wounded.
You feel sick. The hornet stings you.
You are more poisoned.
You feel yourself slow down.
You miss the hornet.
The hornet is severely wounded.
You feel yourself speed up.
You feel very sick. The hornet stings you!
* * * LOW HITPOINT WARNING * * *
You feel yourself slow down.
It was a potion of flight.
You feel very buoyant.
You fly up into the air.
* * * LOW HITPOINT WARNING * * *
You feel very sick. The hornet barely misses you. The hornet stings you!
You die...

....## ######### .....#
#............# .....#
#............# .....#
#............#
.....######......[.....#
##.#...................#
..............##........
..)...........##.y......
##)#............@.......
#.)..........##........
###.......$..##........
#.....!....##........
#..........##........
#....................
#....................
#.............#######
#............


You could see a hornet.

Vanquished Creatures
  A black bear (D:7)
  2 sky beasts (D:7)
  2 ogres
  A bullfrog (D:7)
  2 scorpions (D:4)
  A howler monkey (D:7)
  3 hounds
  3 jellies
  3 orc priests
  2 iguanas (D:5)
  2 sleepcaps (D:5)
  An orc wizard (D:7)
  Robin (D:3)
  7 adders
  A shadow imp (D:6)
  2 white imps
  A worm (D:5)
  4 dart slugs
  18 orcs
  8 bats
  8 endoplasms
  2 giant cockroaches
  7 goblins
  2 hobgoblins
  2 jackals (D:1)
  2 quokkas
  2 training dummies (D:6)
  6 ball pythons
  3 frilled lizards
  5 kobolds
  5 rats
109 creatures vanquished.

Notes
Turn   | Place    | Note
-------+----------+-------------------------------------------
     0 | D:5      | Reached skill level 9 in Stealth
     0 | D:5      | Josd the Gnoll Delver began the quest for the Orb.
     0 | D:5      | Reached XP level 1. HP: 23/23 MP: 1/1
     7 | D:6      | Noticed an iguana
    32 | D:5      | Noticed an iguana
    41 | D:5      | Noticed a hound
   117 | D:6      | Noticed a jelly
   166 | D:7      | Noticed an ogre
   240 | D:6      | Found a shadowy altar of Dithmenos.
   250 | D:6      | Became a worshipper of Dithmenos the Shadowed
   310 | D:5      | Reached XP level 2. HP: 29/29 MP: 0/2
   334 | D:5      | Reached skill level 1 in Invocations
   334 | D:5      | Reached XP level 3. HP: 35/35 MP: 1/4
   376 | D:5      | Reached skill level 1 in Short Blades
   376 | D:5      | Reached skill level 1 in Long Blades
   376 | D:5      | Reached skill level 1 in Axes
   376 | D:5      | Reached skill level 1 in Maces & Flails
   376 | D:5      | Reached skill level 1 in Staves
   376 | D:5      | Reached skill level 1 in Ranged Weapons
   376 | D:5      | Reached skill level 1 in Throwing
   376 | D:5      | Reached skill level 1 in Armour
   376 | D:5      | Reached skill level 1 in Shields
   376 | D:5      | Reached skill level 1 in Unarmed Combat
   376 | D:5      | Reached skill level 1 in Spellcasting
   376 | D:5      | Reached skill level 1 in Evocations
   376 | D:5      | Reached XP level 4. HP: 41/41 MP: 0/5
   505 | D:5      | Noticed an ogre
   560 | D:5      | Reached skill level 1 in Conjurations
   560 | D:5      | Reached skill level 1 in Hexes
   560 | D:5      | Reached skill level 1 in Summonings
   560 | D:5      | Reached skill level 1 in Necromancy
   560 | D:5      | Reached skill level 1 in Translocations
   560 | D:5      | Reached skill level 1 in Transmutations
   560 | D:5      | Reached skill level 1 in Fire Magic
   560 | D:5      | Reached skill level 1 in Ice Magic
   560 | D:5      | Reached skill level 1 in Air Magic
   560 | D:5      | Reached skill level 1 in Earth Magic
   560 | D:5      | Reached skill level 1 in Poison Magic
   716 | D:4      | Found a staircase to the Ecumenical Temple.
   729 | Temple   | Entered the Ecumenical Temple
   899 | D:4      | Noticed a scorpion
   915 | D:4      | Noticed a scorpion
   927 | D:4      | Killed a scorpion
   928 | D:4      | Reached XP level 5. HP: 33/47 MP: 0/7
  1045 | D:2      | Found Rusuat's Jewellery Shop.
  2103 | D:1      | Reached * piety under Dithmenos
  2616 | D:2      | Found a faded altar of an unknown god.
  2965 | D:3      | Noticed Robin
  2971 | D:3      | Reached XP level 6. HP: 53/53 MP: 4/8
  2988 | D:3      | Reached skill level 5 in Polearms
  2988 | D:3      | Reached skill level 5 in Dodging
  3000 | D:3      | Killed Robin
  3572 | D:3      | Found an ornate altar of the Wu Jian Council.
  3572 | D:3      | Found a shimmering altar of Xom.
  3825 | D:4      | Reached ** piety under Dithmenos
  4355 | D:4      | Reached XP level 7. HP: 39/60 MP: 0/10
  5264 | D:5      | Reached skill level 10 in Stealth
  6009 | D:7      | Reached XP level 8. HP: 64/67 MP: 7/12
  6274 | D:7      | Noticed a hornet
  6293 | D:7      | Paralysed by a hornet for 1 turns
  6301 | D:7      | Slain by a hornet

Illustrated notes

Levels and vault maps discovered:
D:1:      ldierk_walled_garden, layout_basic
D:2:      layout_rooms, serial_shops, shop, basic_ecumenical_altar
D:3:      layout_basic, gammafunk_temple_overflow_wave, uniq_robin
D:4:      layout_basic, minmay_temple_entry_statues_fountains
D:5:      layout_rooms
D:6:      dreamdust_elfheim, layout_loops_cross, old_standard_altar,
          chequers_garden
D:7:      layout_basic, lemuel_round_altar
Temple:   hellmonk_temple_beads

Skill      XL: |  1  2  3  4  5  6  7 |
---------------+----------------------+-----
Stealth        | 10 | 10.2
Invocations    | 1 2 3 |  3.7
Short Blades   | 1 2 3 |  3.4
Long Blades    | 1 2 3 |  3.4
Axes           | 1 2 3 |  3.4
Maces & Flails | 1 2 3 |  3.4
Staves         | 1 2 3 |  3.4
Ranged Weapons | 1 2 3 |  3.4
Throwing       | 1 2 3 |  3.4
Armour         | 1 2 3 |  3.4
Shields        | 1 2 3 |  3.4
Unarmed Combat | 1 2 3 |  3.4
Spellcasting   | 1 2 3 |  3.4
Evocations     | 1 2 3 |  3.4
Conjurations   | 1 2 |  2.8
Hexes          | 1 2 |  2.8
Summonings     | 1 2 |  2.8
Necromancy     | 1 2 |  2.8
Translocations | 1 2 |  2.8
Transmutations | 1 2 |  2.8
Fire Magic     | 1 2 |  2.8
Ice Magic      | 1 2 |  2.8
Air Magic      | 1 2 |  2.8
Earth Magic    | 1 2 |  2.8
Poison Magic   | 1 2 |  2.8
Polearms       | 5 |  5.8
Dodging        | 5 |  5.8
Fighting       | 7 |  7.4

Action                     |  1- 3 |  4- 6 |  7- 9 || total
---------------------------+-------+-------+-------++-------
  Melee: Spear             |    40 |   191 |   115 ||   346
         Bite              |     3 |    19 |     9 ||    31
         Punch             |       |     2 |     3 ||     5
    Use: Scroll            |       |    10 |       ||    10
         Potion            |       |     1 |     3 ||     4
   Stab: Sleeping          |     2 |    30 |     8 ||    40
         Distracted        |       |     2 |     1 ||     3
 Armour: Leather armour    |     5 |    22 |       ||    27
         Robe              |       |     4 |    14 ||    18
  Dodge: Dodged            |    17 |    70 |    55 ||   142
